 Dungeon Crawl Stone Soup version 0.25-a0-189-gf71692caf1 (console) character file.

Game seed: 4875373247447543329, levelgen mode: deterministic

38 Kagalorn the Sneak (level 3, -5/17 HPs)
             Began as a Spriggan Enchanter on Nov 29, 2019.
             Slain by an orc
             ... wielding a +0 trident
              (7 damage)
             ... on level 1 of the Dungeon.
             The game lasted 00:04:07 (1078 turns).

Kagalorn the Sneak (Spriggan Enchanter)             Turns: 1078, Time: 00:04:07

Health: -5/17      AC:  2    Str:  4    XL:     3   Next: 25%
Magic:  8/8        EV: 18    Int: 17    God:
Gold:   99         SH:  0    Dex: 16    Spells: 5/8 levels left

rFire    . . .     SeeInvis +   a - +1 dagger
rCold    . . .     Gourm    .   (shield restricted)
rNeg     . . .     Faith    .   b - +0 robe
rPois    .         Spirit   .   (helmet restricted)
rElec    .         Reflect  .   (no cloak)
rCorr    .         Harm     .   (gloves unavailable)
MR       .....                  (boots unavailable)
Stlth    +++.......             (no amulet)
HPRegen  0.05/turn              (no ring)
MPRegen  0.11/turn              (no ring)

@: very quick
A: very small, unfitting armour, see invisible, herbivore, speed 3, slow
metabolism 2
a: no special abilities


You were on level 1 of the Dungeon.
You were not hungry.

You visited 1 branch of the dungeon, and saw 2 of its levels.

You collected 99 gold pieces.

Inventory:

Hand Weapons
 a - a +1 dagger (weapon)
Missiles
 k - 12 sling bullets
Armour
 b - a +0 robe (worn)
Jewellery
 f - an uncursed ring of resist corrosion {unknown}
 n - an uncursed amulet of faith
Scrolls
 e - a scroll of remove curse {unknown}
 g - a scroll of fear {unknown}
 i - 2 scrolls of enchant armour {unknown}
 l - 2 scrolls of identify {unknown}
 m - 2 scrolls of noise {unknown}
 o - a scroll of teleportation {unknown}
 p - a scroll of fog {unknown}
Potions
 c - 3 potions of curing {unknown}
 h - 2 potions of haste {unknown}
 j - a potion of invisibility {unknown}
Comestibles
 d - 3 rations


   Skills:
 + Level 0.5 Fighting
 + Level 1.2 Short Blades
 + Level 3.2 Dodging
 + Level 5.3 Stealth
 + Level 3.0 Spellcasting
 + Level 4.1 Hexes
 + Level 0.1 Ice Magic


You had 5 spell levels left.
You knew the following spells:

 Your Spells              Type           Power        Failure   Level  Hunger
a - Ensorcelled Hibernat  Hex/Ice        #.....       11%         2    ##.....
b - Corona                Hex            ###....      3%          1    None

Your spell library contained the following spells:

 Spells                   Type           Power        Failure   Level  Hunger
 Confuse                  Hex            ###.....     10%         3    ###....
 Tukima's Dance           Hex            ###.....     10%         3    ###....
 Dazzling Spray           Conj/Hex       #.....       22%         3    ###....


Dungeon Overview and Level Annotations

Branches:
Dungeon (2/15)

Altars:

Annotations:
D:2 Natasha


Innate Abilities, Weirdness & Mutations

You are very small and have problems with some larger weapons.
You are too small for most types of armour.
You have supernaturally acute eyesight. (SInv)
You are a herbivore.
You cover ground extremely quickly.
You need to consume almost no food.


Message History

The kobold closely misses you. The orc completely misses you.
There is a stone staircase leading up here.
The kobold closely misses you.
You climb upwards.
There is a stone staircase leading down here.
Casting: Ensorcelled Hibernation (safe; 11% risk of failure)
Confirm with . or Enter, or press ? or * to list all spells.
Aiming: Ensorcelled Hibernation (safe; 11% risk of failure)
Press: ? - help, Shift-Dir - straight line, f - kobold
Aim: a kobold, wielding a +0 whip (moderately wounded, chance to defeat MR: 58%)
Okay, then.
You hit the kobold.
The kobold is severely wounded.
The orc hits you from afar with a +0 trident.
The kobold hits you with a +0 whip.
* * * LOW HITPOINT WARNING * * *
You closely miss the kobold.
The kobold is severely wounded.
The orc hits you from afar with a +0 trident!
You die...

######## #......#
######......#
#...........# #######
#...........# #.....#
#...........# #.....#
######+#o########.....#
#@K........†.....#
###.########.....# #.#
######..### #.#
#.......... #.#
#.#####..## #.#
#.#........ #.#
##'#....†... #.#
#........... #.#
#...........


You could see an orc and a kobold.

Vanquished Creatures
  A gnoll (D:2)
  A worm (D:2)
  A leopard gecko (D:1)
  4 bats
  2 giant cockroaches
  2 hobgoblins
  2 jackals (D:2)
  A frilled lizard (D:1)
  4 goblins
  2 kobolds
  4 rats
24 creatures vanquished.

Notes
Turn   | Place    | Note
-------+----------+-------------------------------------------
     0 | D:1      | Kagalorn the Spriggan Enchanter began the quest for the
                  | Orb.
     0 | D:1      | Reached XP level 1. HP: 9/9 MP: 5/5
   368 | D:1      | Reached XP level 2. HP: 12/14 MP: 6/6
   374 | D:1      | Learned a level 2 spell: Ensorcelled Hibernation
   854 | D:2      | Reached skill level 5 in Stealth
   892 | D:2      | Reached XP level 3. HP: 17/17 MP: 0/8
  1033 | D:2      | Noticed Natasha
  1078 | D:1      | Slain by an orc

Levels and vault maps discovered:
D:1:      dpeg_arrival_chambers_temple_mockup, layout_basic
D:2:      layout_loops_cross, first_ration, minmay_split_cup_large,
          uniq_natasha, uniq_robin

Skill      XL: |  1  2 |
---------------+-------+-----
Hexes          | 4 |  4.1
Spellcasting   | 3 |  3.0
Stealth        | 5 |  5.3
Fighting       | |  0.5
Short Blades   | |  1.2
Dodging        | |  3.2
Ice Magic      | |  0.1

Action                   || total
-------------------------++-------
Melee: Dagger            ||    79
 Cast: Ensorcelled Hiber ||    12
 Stab: Sleeping          ||    12
       Distracted        ||     1
Armor: Robe              ||    10
Dodge: Dodged            ||    61

Table legend:
 A = Non-vault XP
 B = Vault XP
 C = Vault XP percentage of total XP
 D = Non-vault monster count
 E = Vault monster count
 F = Vault count percentage of total count
                 A         B        C        D         E       F
            +---------+---------+-------+---------+---------+-------
      Total |      34 |      21 |  38.2 |      20 |       4 |  16.7
            +---------+---------+-------+---------+---------+-------
        D:1 |      22 |       0 |   0.0 |      13 |       0 |   0.0
        D:2 |      12 |      21 |  63.6 |       7 |       4 |  36.4
            +---------+---------+-------+---------+---------+-------
